 Dungeon Crawl Stone Soup version 0.17-a0-1954-g0dddeaa (webtiles) character file.

11731470 Sar the Intangible (level 27, 224/224 HPs)
             Began as an Octopode Berserker on Oct 2, 2015.
             Was a High Priest of Trog.
             Escaped with the Orb
             ... and 15 runes on Oct 5, 2015!
             The game lasted 07:30:32 (140190 turns).

Sar the Intangible (Octopode Berserker)           Turns: 140190, Time: 07:30:33

Health: 224/224    AC: 11    Str: 25    XL:     27
Magic:  16/16      EV: 58    Int: 18    God:    Trog [*****.]
Gold:   13203      SH: 23    Dex: 37    Spells: 0 memorised, 26 levels left

rFire  + + +     SeeInvis .     a - +9 demon blade (antimagic)
rCold  + . .     Rnd*Rage +     o - +2 shield of Responsibility {rC++}
rNeg   + + +     SustAt   .     A - +2 hat {Int+3}
rPois  .         Gourm    .     x - brooch of Shielding {Ward rN+ AC+4 EV+4}
rElec  +         Spirit   .     w - ring "Zusokegugy" {EV+3 Str+3 Int+4}
rCorr  .         Warding  +     Z - ring of positive energy
rMut   .         Stasis   .     T - ring "Qiqekk" {MP+9 Str+4 Dex+5}
MR     +++++                    S - ring of Temptation {rElec MR+ EV+3 Str-2 Dex+7}
Stlth  +++++.....               D - +4 ring of slaying
                                k - ring of Levity {rElec MR+ Slay+4}
                                G - ring "Cutwosuv" {rF+++ rC- rN+ Str-2 Stlth+}
                                Y - +4 ring of protection

@: mighty, agile, very slightly contaminated, hasted, very quick, almost
entirely resistant to hostile enchantments, quite stealthy
A: almost no armour, amphibious, 8 rings, constrict 8, camouflage 1, berserk 1,
clumsy 1, magic resistance 1, spit poison 1, gelatinous body 1
a: Spit Poison, Burn Spellbooks, Berserk, Trog's Hand, Brothers in Arms,
Renounce Religion
0: Orb of Zot
}: 15/15 runes: decaying, slimy, silver, golden, iron, obsidian, icy, bone,
abyssal, demonic, glowing, magical, fiery, dark, gossamer


You escaped.
You worshipped Trog.
Trog was extremely pleased with you.
You were not hungry.

You visited 17 branches of the dungeon, and saw 94 of its levels.
You visited Pandemonium 3 times, and saw 27 of its levels.
You visited the Abyss 1 time.
You visited 1 ziggurat, and saw 10 of its levels.
You also visited: Trove.

You collected 17870 gold pieces.
You spent 4667 gold pieces at shops.


Innate Abilities, Weirdness & Mutations

You cannot wear most types of armour.
You are amphibious.
You can wear up to eight rings at the same time.
You can use your tentacles to constrict eight enemies at once.
Your skin changes colour to match your surroundings (Stealth).
Your rubbery body absorbs attacks (AC +1).
You tend to lose your temper in combat.
You are clumsy. (Dex -2)
You are resistant to hostile enchantments.
You can spit weak poison.


   Skills:
 O Level 27 Fighting
 O Level 27 Long Blades
 + Level 24.6 Maces & Flails
 O Level 27 Dodging
 O Level 27 Stealth
 O Level 27 Shields
 + Level 24.5 Unarmed Combat
 O Level 27 Evocations


You had 26 spell levels left.
You didn't know any spells.

Inventory:

Hand weapons
 a - a +9 antimagic demon blade (weapon)
 c - a +9 eudemon blade of holy wrath
 m - a +9 demon blade of electrocution (quivered)
Missiles
 n - 2728 stones
Armour
 o - the +2 shield of Responsibility (worn) {rC++}
   (You took it off Donald on level 13 of the Dungeon)

   It greatly protects you from cold.
 A - a +2 hat of intelligence (worn)
Rods
 b - a +4 rod of shadows (14/14) {!a}
   (You found it on level 6 of the Pits of Slime)
 u - a +5 rod of inaccuracy (11/11) {!a}
   (You found it on level 3 of the Tomb of the Ancients)
Jewellery
 j - an amulet of resist mutation
 k - the ring of Levity (on tentacle) {rElec MR+ Slay+4}
   (You found it on level 5 of a ziggurat)

   [ring of slaying]

   It affects your accuracy and damage with ranged weapons and melee attacks
   (+4).
   It insulates you from electricity.
   It affects your resistance to hostile enchantments.
 w - the ring "Zusokegugy" (left tentacle) {EV+3 Str+3 Int+4}
   (You took it off a deep elf annihilator on level 3 of the Elven Halls)

   [ring of evasion]

   It affects your evasion (+3).
   It affects your strength (+3).
   It affects your intelligence (+4).
 x - the brooch of Shielding (around mantle) {Ward rN+ AC+4 EV+4}
   (You found it on level 3 of a ziggurat)

   [amulet of warding]

   It may prevent the melee attacks of summoned creatures.
   It affects your AC (+4).
   It affects your evasion (+4).
   It protects you from negative energy.
 y - an amulet of regeneration
 D - a +4 ring of slaying (on tentacle)
 G - the ring "Cutwosuv" (on tentacle) {rF+++ rC- rN+ Str-2 Stlth+}
   (You took it off a deep elf demonologist on level 3 of the Elven Halls)

   [ring of stealth]

   It affects your strength (-2).
   It renders you almost immune to fire.
   It makes you vulnerable to cold.
   It protects you from negative energy.
   It makes you more stealthy.
 R - a ring of see invisible
 S - the ring of Temptation (on tentacle) {rElec MR+ EV+3 Str-2 Dex+7}
   (You found it on level 7 of Gehenna)

   [ring of evasion]

   It affects your evasion (+3).
   It affects your strength (-2).
   It affects your dexterity (+7).
   It insulates you from electricity.
   It affects your resistance to hostile enchantments.
 T - the ring "Qiqekk" (on tentacle) {MP+9 Str+4 Dex+5}
   (You took it off a black sun in Pandemonium)

   [ring of dexterity]

   It affects your strength (+4).
   It affects your dexterity (+5).
   It affects your magic capacity (+9).
 Y - a +4 ring of protection (on tentacle)
 Z - a ring of positive energy (right tentacle)
Magical devices
 f - a wand of invisibility (4)
 i - a wand of hasting (0) {!d@v3}
 p - a wand of heal wounds (2) {!d@v2}
 Q - a wand of digging (12)
Scrolls
 s - a scroll of silence {!r}
 B - 8 scrolls of identify {@r1}
 E - 9 scrolls of fog
 F - 5 scrolls of teleportation {@r4}
 H - 8 scrolls of summoning
 M - 6 scrolls of blinking
 P - 5 scrolls of holy word
 U - 4 scrolls of magic mapping
 W - 3 scrolls of recharging
 X - 46 scrolls of remove curse
Potions
 e - 8 potions of cure mutation
 g - 19 potions of curing {@q1}
 r - 4 potions of might
 v - 6 potions of lignification {!q}
 C - 7 potions of cancellation
 I - 3 potions of resistance
 K - 9 potions of ambrosia {!q}
 N - 6 potions of agility
Miscellaneous
 d - the horn of Geryon
 h - a sack of spiders
 q - a fan of gales
 t - a phial of floods
 z - 4 phantom mirrors
 O - a legendary deck of changes {the Elixir, drawn: 2}
 V - a disc of storms
Comestibles
 l - 3 bread rations
 L - 83 fruits

Dungeon Overview and Level Annotations

Branches:
Dungeon (15/15)            Temple (0/1) D:4            Lair (8/8) D:10
  Swamp (4/4) Lair:5       Spider (4/4) Lair:5        Slime (6/6) Lair:8
    Orc (4/4) D:12            Elf (3/3) Orc:3        Vaults (5/5) D:13
  Crypt (3/3) Vaults:2       Tomb (3/3) Crypt:3      Depths (5/5) D:15
   Hell (1/1)                 Dis (7/7) Hell            Geh (7/7) Hell
    Coc (7/7) Hell            Tar (7/7) Hell            Zot (5/5) Depths:5

Altars:
Ashenzari
Cheibriados
Dithmenos
Elyvilon
Fedhas
Gozag
Nemelex Xobeh
Okawaru
Qazlal
Sif Muna
Trog
Xom
Yredelemnul
Zin
The Shining One
Jiyva

Shops:
D:10 ?   Orc:3 %   Orc:4 [}[%*[   Elf:2 *   Vaults:1 (   Vaults:2 ?
Vaults:4 ?

Portals:
Hell: Depths:1 Depths:2 Depths:3 Depths:4 Depths:5
Abyss: Depths:2 Depths:3 Depths:4
Pandemonium: Depths:1 Depths:3 Depths:5
Ziggurat: Depths:3

Annotations:
D:7 1 exclusion
Lair:4 Nergalle
Lair:6 exclusion: hydra

# #.# #......# #####... #
#.############......# #...
###..............#.###########...
.............................+.>.
..####################.#######...
#.# ♣♣♣.....P..≈≈≈≈≈≈#.# #.......
#.#♣♣.....≈≈≈≈≈≈≈(...'.# #.......
#.#♣....≈≈≈PPP≈≈.....#.# #.......
#.#....≈≈PPP≈≈≈.x...♣#.# #.......
#.'..≈≈≈≈PP≈≈.....P♣♣#.# #.......
#.#≈≈≈≈≈≈≈≈≈.>..♣♣♣♣ #.# #.......
#.####################.# ########
#........[.............#
##.####.######.#####.### #
#........# #.# #.# #
##.####..#####.#####.######## #
...................#........# #


There were no monsters in sight!


Message History

Trog roars: ANNIHILATED!
There is a stone staircase leading up here!
You climb upwards!
There is a stone staircase leading down here!
Unknown command!
Unknown command!
Unknown command!
There is a staircase leading out of the dungeon here!
Evoke which item? (* to show all) (? for menu, Esc to quit)
Zapping:
i - a wand of hasting (1) {!!.d@v3} You feel yourself speed up!
You are very lightly contaminated with residual magic!
This wand has 0 charges left!
Drink which item? (? for menu, Esc to quit)
You feel agile all of a sudden!
Drink which item? (? for menu, Esc to quit)
You feel very mighty all of a sudden!
Drink which item? (? for menu, Esc to quit)
Okay, then!
Put on which piece of jewellery? (? for menu, Esc to quit)
Okay, then!
Put on which piece of jewellery? (? for menu, Esc to quit)
Okay, then!
Wield which item (- for none, * to show all)? (? for menu, Esc to quit)
Your +9 eudemon blade of holy wrath stops glowing!
You feel magic leave you!
a - a +9 antimagic demon blade (weapon)
Quiver which item? (- for none, * to show all) (? for menu, Esc to quit)
Quivering
m - a +9 demon blade of electrocution for throwing!
You have escaped!!!

Action                   |  1- 3 |  4- 6 |  7- 9 | 10-12 | 13-15 | 16-18 | 19-21 | 22-24 | 25-27 || total
-------------------------+-------+-------+-------+-------+-------+-------+-------+-------+-------++-------
Melee: Falchion          |    66 |    93 |       |       |       |       |       |       |       ||   159
       Long sword        |       |    81 |   273 |   697 |       |       |       |       |       ||  1051
       Scimitar          |       |       |       |   116 |   532 |       |    19 |       |       ||   667
       Demon blade       |       |       |       |       |   812 |   822 |  1284 |  1688 | 10045 || 14651
       Eudemon blade     |       |       |       |       |       |       |       |       |  1338 ||  1338
 Fire: Blowgun           |       |       |       |       |       |   220 |       |     1 |     2 ||   223
Throw: Stone             |       |       |       |     2 |    10 |    16 |    32 |     4 |   124 ||   188
Invok: Berserk           |     3 |     1 |     1 |     2 |     3 |    10 |       |     8 |    27 ||    55
       Trog's Hand       |       |     3 |     1 |     2 |    17 |     8 |    12 |     9 |    82 ||   134
       Brothers in Arms  |       |       |       |     6 |     7 |     3 |     1 |     2 |    28 ||    47
       Burn Spellbooks   |       |       |       |     5 |     2 |       |     3 |     5 |    27 ||    42
 Abil: Evoke Flight      |       |       |       |       |       |     1 |       |       |       ||     1
Evoke: Wand              |       |       |       |       |     1 |     4 |     4 |     9 |    59 ||    77
       Rod               |       |       |       |       |       |       |       |       |    17 ||    17
       Sack of spiders   |       |       |       |       |       |       |       |       |    12 ||    12
       Disc of storms    |       |       |       |       |       |       |       |       |    11 ||    11
       Deck              |       |       |       |       |       |       |       |       |     2 ||     2
       Phial of floods   |       |       |       |       |       |       |       |       |     2 ||     2
       Horn of Geryon    |       |       |       |       |       |       |       |       |     1 ||     1
       Phantom mirror    |       |       |       |       |       |       |       |       |     1 ||     1
  Use: Scroll            |     4 |     5 |     7 |    15 |    11 |    13 |     4 |     5 |   110 ||   174
       Potion            |       |       |     1 |     3 |     6 |    13 |     3 |     2 |    56 ||    84
 Stab: Sleeping          |     5 |    11 |    16 |    32 |    76 |    32 |    32 |    32 |   213 ||   449
       Distracted        |       |     1 |     2 |     2 |     5 |    19 |     8 |     7 |   185 ||   229
       Invisible         |       |       |       |     2 |    20 |       |     4 |       |       ||    26
       Confused          |       |       |       |       |       |       |       |       |     9 ||     9
       Paralysed         |       |       |       |       |       |       |       |       |     1 ||     1
  Eat: Chunk             |     3 |    11 |    16 |    18 |    32 |     4 |     5 |    13 |    17 ||   119
       Bread ration      |       |     1 |       |     3 |       |     5 |     5 |     6 |    34 ||    54
       Pizza             |       |       |       |     2 |     1 |       |       |     2 |     8 ||    13
       Beef jerky        |       |       |       |     1 |     1 |     1 |       |       |     4 ||     7
       Royal jelly       |       |       |       |       |     2 |     3 |     1 |       |     2 ||     8
       Meat ration       |       |       |       |       |       |     2 |     2 |       |    33 ||    37
       Fruit             |       |       |       |       |       |       |       |     3 |    12 ||    15

Vault maps used:
D:1:      tarquinn_simple_flora_water_c
D:2:      tso_oasis_becter, okawaru_altar_gauntlet_db, uniq_iyjb, uniq_terence
D:3:      nicolae_overflow_hidden_temple, nicolae_overflow_crystal_walls,
          minmay_misc_feat_room, minivault_25, hangedman_decor_riveting
D:4:      minmay_temple_entry_enclosed_plants
D:5:      led_sif_pool, fedhas_altar_2, overflow_temple_1_default, first_bread
D:6:      tgw_xom, minitemple, elyvilon_altar_4
D:7:      uniq_crazy_yiuf_cottage
D:8:      grunt_dithmenos_smoke, blue_anna_alchemist
D:9:      lightli_temple_of_fire, nicolae_qazlal_eye_of_the_storm
D:10:     dpeg_lair_monsters, serial_shops, shop, uniq_maurice
D:12:     orc_0_dummy
D:13:     david_vaults_3, uniq_kirke
D:14:     hangedman_decor_clover_reticule, nicolae_gozag_seed_capital
D:15:     grunt_enter_depths_magical_seal, enter_trove_0,
          minmay_misc_feat_columns, minmay_crystal_water, uniq_azrael
Lair:1:   basic_altar, serial_bayou_shore_a, uniq_joseph
Lair:2:   grunt_forest_small_clearing_treed, infiniplex_staircase_pool_2
Lair:3:   lemuel_fruit_tree, infiniplex_staircase_pool, grunt_megastairs_3,
          serial_bayou_shore_b
Lair:4:   nicolae_quartered_pool_little, grunt_megastairs_4,
          lemuel_fruit_fields, uniq_nergalle
Lair:5:   kennysheep_rathole, minmay_swamp_entry_swarm,
          spider_nest_entry_funnel_web
Lair:8:   grunt_lair_end_beastmaster, slime_altar_1, zaba_antful_of_joy,
          uniq_maud
Swamp:1:  hangedman_swamp_blocks, swamp_pool3, uniq_donald
Swamp:2:  evilmike_swamp_ruin_rubble_1
Swamp:3:  nicolae_swamp_feature_on_the_river_bank
Swamp:4:  swamp_fiery
Spider:3: nicolae_arachne_temple
Spider:4: grunt_spider_rune_parallel, uniq_wiglaf
Orc:1:    minmay_orc_keep, uniq_erica
Orc:3:    serial_shops, shop, nicolae_orc_pool_cavern
Orc:4:    st_orc_mages, serial_shops, shop, shop
Elf:1:    hangedman_elf_represent
Elf:2:    serial_shops, shop, kilobyte_mutagenic_chamber, uniq_jorgrun
Elf:3:    minmay_elf_hall_spiked, minivault_28, grunt_megastairs_1, uniq_mara
Vaults:1: ontoclasm_vaults_gateway, v_misc_29, st_smaller_cells, v_misc_28,
          hangedman_vaults_trim, v_misc_25, v_alt_pattern_6, vaults_mumra_lcd,
          hangedman_vaults_locks, hangedman_vaults_cutoff, grunt_vaults_focal,
          nicolae_vaults_ring_of_whatevers, nicolae_vaults_little_squares_3,
          serial_shops, shop
Vaults:2: ontoclasm_vaults_ligature, minmay_crypt_entry_simple_box,
          vaults_room_large_hall, vaults_room_ringed_pool, grunt_vaults_bifocal,
          vaults_room_fours, nicolae_vaults_display_case, vaults_dpeg_diagonal,
          ontoclasm_vaults_hangar, nicolae_vaults_little_squares_3,
          serial_shops, shop, basic_altar, uniq_boris
Vaults:3: v_misc_19, ontoclasm_vaults_ring_square, serial_ice_h,
          hangedman_vaults_corner, v_misc_26, v_alt_pattern_5,
          nicolae_vaults_ring_of_whatevers, vaults_room_fours,
          nicolae_vaults_little_squares_4, grunt_vaults_swirl,
          hangedman_vaults_nails, uniq_boris
Vaults:4: nicolae_vaults_big_angled_halls, v_misc_23, metal_show,
          hangedman_vaults_trim, ontoclasm_vaults_ring_square, v_rooms_3,
          grunt_vaults_hallway_long, hangedman_vaults_hat,
          nicolae_vaults_angled_halls, v_pattern_4,
          ontoclasm_vaults_decontamination, dpeg_vaults_monster_box,
          vaults_dpeg_ring, serial_shops, shop
Vaults:5: uniq_frederick
Crypt:1:  minmay_guarded_unrand_curses, roderic_lattice_octagonal_star,
          uniq_khufu, uniq_margery
Crypt:2:  grunt_ministairs_7, stair_cage_line, st_stairs_10
Crypt:3:  evilmike_haunted_forest
Depths:1: rand_demon_pan_entry_4, pf_hell_entry_tar_river, serial_bayou_pond_c,
          serial_sigils_hangedman_leer, kennysheep_pointless_box, spider_trap,
          nicolae_benzene_ring, minmay_misc_feat_encased, minmay_evil_grid,
          uniq_aizul
Depths:2: evilmike_inaccessible_box, abyss_entry, grunt_metal_band,
          kennysheep_small_spiral, serial_bayou_shore_b,
          minmay_staircase_statues_hall_small, uniq_saint_roka, uniq_enchantress
Depths:3: minmay_containers, enter_ziggurat_f, rand_demon_pan_entry_3,
          hell_entry, abyss_entry, serial_bayou_pond_d,
          hangedman_decor_opposing, minmay_staircase_statues
Depths:4: angbandy_vault, abyss_entry, hangedman_geh_valley,
          minmay_fountain_box, infiniplex_staircase_x, serial_bayou_shore_b
Depths:5: grunt_twist_and_shout, hell_entry, grunt_pan_entry_zigzag, uniq_sojobo
Dis:3:    lemuel_mystery_crypt
Dis:7:    iron_city_of_dis
Geh:2:    nicolae_geh_single_fiery_grave, nicolae_geh_fiery_graves
Geh:7:    evilmike_geh
Coc:2:    grunt_megastairs_2
Coc:7:    coc_old
Tar:7:    tar_minmay_river
Zot:5:    st_stairs_13, hangedman_zot_decor_tridents, door_vault
Abyss:1:  evilmike_abyss_exit_smiterflies
Abyss:3:  hangedman_classic_abyss_death, nicolae_abyss_rune_star_stuff
Pan:      evilmike_mini_pan_V, pan_blood_fountain_small, pan_blood_fountain,
          reaverb_pan_figure_eight, evilmike_mini_pan_V, lemuel_hellion_island,
          enter_ziggurat_pan_d, nicolae_pan_sigil_eeng, lemuel_hall_of_pain,
          enter_ziggurat_pan_c, uniq_mennas_pan, rand_demon_4,
          evilmike_mini_pan_other_thingy, evilmike_mini_pan_V, rand_demon_3,
          pan_blood_fountain_small, evilmike_mini_pan_3x3, pan_blood_fountain,
          nicolae_pan_giant_door, evilmike_mini_pan_T, pan_blood_fountain_small,
          reaverb_pan_squares, nicolae_pan_sigil_nadil,
          nicolae_pan_cerebovesque_2, rand_demon_8, nicolae_pan_cerebovesque_2,
          rand_demon_3, nicolae_pan_mnolegish_1, rand_demon_5,
          nicolae_pan_glass_arcs, pan_captured_pigsty,
          evilmike_mini_pan_branches, gloorx_vloq, pan_blood_fountain_small,
          nicolae_pan_gloorx_vloqian_4, evilmike_mini_pan_doors_b,
          pan_blood_fountain_small, cerebov_grunt, pan_blood_fountain_2,
          nicolae_pan_cerebovesque_2, nicolae_pan_giant_door,
          enter_ziggurat_pan_b, nicolae_pan_gloorx_vloqian_4, evilmike_holy_pan,
          rand_demon_6, nicolae_pan_lom_lobonic_1, evilmike_mini_pan_corridor,
          pan_blood_fountain_small, mnoleg_grunt, nicolae_pan_glass_arcs,
          grunt_pan_frozen_over, nicolae_pan_lom_lobonic_2,
          nicolae_pan_sigil_nadil, lom_lobon, pan_blood_fountain_small,
          nicolae_pan_gloorx_vloqian_2
Zig:8:    ziggurat_pillar_centre_oklobs
Zig:9:    ziggurat_pillar_centre_smoke
Trove:    trove_library

Notes
Turn   | Place    | Note
--------------------------------------------------------------
     0 | D:1      | Sar the Octopode Berserker began the quest for the Orb.
     0 | D:1      | Reached XP level 1. HP: 16/16 MP: 1/1
   140 | D:1      | Reached XP level 2. HP: 21/21 MP: 2/2
   622 | D:1      | You fall through a shaft!
   633 | D:2      | Reached XP level 3. HP: 26/26 MP: 3/3
   645 | D:2      | Acquired Trog's second power
  1231 | D:2      | Found an iron altar of Okawaru.
  1463 | D:2      | Reached XP level 4. HP: 31/31 MP: 4/4
  2072 | D:2      | Found a glowing golden altar of the Shining One.
  2155 | D:2      | Noticed Terence
  2377 | D:3      | Reached skill level 4 in Dodging
  2384 | D:3      | Reached skill level 4 in Long Blades
  2658 | D:3      | Reached XP level 5. HP: 35/37 MP: 5/5
  2817 | D:3      | Found an opulent altar of Gozag.
  3034 | D:3      | Found a shattered altar of Ashenzari.
  3220 | D:3      | Reached skill level 4 in Fighting
  3562 | D:2      | Noticed Ijyb
  3571 | D:2      | Killed Ijyb
  4014 | D:4      | Reached XP level 6. HP: 42/44 MP: 6/6
  5389 | D:4      | Found a staircase to the Ecumenical Temple.
  5393 | D:4      | Reached skill level 5 in Dodging
  5434 | D:5      | Entered Level 5 of the Dungeon
  5496 | D:5      | Found a blossoming altar of Fedhas.
  5517 | D:5      | Reached skill level 5 in Long Blades
  5517 | D:5      | Reached XP level 7. HP: 17/49 MP: 7/7
  5681 | D:5      | Found a sparkling altar of Nemelex Xobeh.
  5782 | D:5      | Gained mutation: You are resistant to hostile enchantments. [potion of beneficial mutation]
  5784 | D:5      | Found a deep blue altar of Sif Muna.
  5818 | D:5      | Reached skill level 5 in Fighting
  6766 | D:6      | Reached skill level 6 in Dodging
  6766 | D:6      | Reached XP level 8. HP: 50/57 MP: 8/8
  6827 | D:6      | Reached skill level 6 in Long Blades
  6856 | D:6      | Reached skill level 6 in Fighting
  6878 | D:6      | Found a white marble altar of Elyvilon.
  7113 | D:6      | Acquired Trog's third power
  7202 | D:6      | Got a faintly glowing buckler
  7208 | D:6      | Identified the +3 buckler of Pessimism {rElec Regen+ Dex+3} (You found it on level 6 of the Dungeon)
  7254 | D:6      | Found a shimmering altar of Xom.
  7345 | D:6      | Reached skill level 1 in Shields
  7423 | D:6      | Reached skill level 2 in Shields
  7430 | D:6      | Reached skill level 3 in Shields
  7445 | D:6      | Found a glowing silver altar of Zin.
  7448 | D:6      | Found a snail-covered altar of Cheibriados.
  7565 | D:7      | Reached skill level 4 in Shields
  7621 | D:7      | Reached XP level 9. HP: 62/62 MP: 9/9
  7644 | D:7      | Reached skill level 5 in Shields
  8349 | D:7      | Reached skill level 7 in Dodging
  8839 | D:8      | Reached skill level 7 in Fighting
  8864 | D:8      | Reached skill level 7 in Long Blades
  9381 | D:8      | Identified a potion of resistance
  9541 | D:8      | Found a shadowy altar of Dithmenos.
  9686 | D:9      | Reached skill level 8 in Dodging
  9766 | D:9      | Reached skill level 8 in Fighting
  9766 | D:9      | Reached XP level 10. HP: 66/72 MP: 10/10
  9778 | D:9      | Reached skill level 8 in Long Blades
  9798 | D:9      | Received a gift from Trog
  9853 | D:9      | Found a bloodstained altar of Trog.
 10365 | D:9      | Reached skill level 9 in Dodging
 10527 | D:9      | Found a stormy altar of Qazlal.
 10634 | D:10     | Entered Level 10 of the Dungeon
 10687 | D:10     | Reached skill level 9 in Long Blades
 10726 | D:10     | Noticed a hill giant
 10733 | D:10     | Killed a hill giant
 10733 | D:10     | Reached skill level 9 in Fighting
 10852 | D:10     | Noticed a hill giant
 10858 | D:10     | Killed a hill giant
 10993 | D:10     | Noticed Maurice
 11004 | D:10     | Killed Maurice
 11004 | D:10     | Reached XP level 11. HP: 75/80 MP: 11/11
 11323 | D:10     | Found a staircase to the Lair.
 11407 | D:10     | Found Suissis's Magic Scroll Emporium.
 11415 | D:10     | Bought a scroll of magic mapping for 56 gold pieces
 11415 | D:10     | Bought a scroll of summoning for 152 gold pieces
 11415 | D:10     | Bought a scroll of identify for 32 gold pieces
 11415 | D:10     | Bought a scroll of identify for 32 gold pieces
 11415 | D:10     | Bought a scroll of remove curse for 48 gold pieces
 11415 | D:10     | Bought a scroll of identify for 32 gold pieces
 11415 | D:10     | Bought a scroll of remove curse for 48 gold pieces
 11760 | Lair:1   | Entered Level 1 of the Lair of Beasts
 11811 | Lair:1   | Found a glowing golden altar of the Shining One.
 11913 | Lair:1   | Reached skill level 10 in Dodging
 11917 | Lair:1   | Reached skill level 10 in Fighting
 11917 | Lair:1   | Reached skill level 10 in Long Blades
 11980 | Lair:1   | Noticed a six-headed hydra
 12009 | Lair:1   | Killed a six-headed hydra
 12101 | Lair:1   | Noticed Joseph
 12115 | Lair:1   | Killed Joseph
 12884 | Lair:2   | Noticed a seven-headed hydra
 12890 | Lair:2   | Killed a seven-headed hydra
 13146 | Lair:2   | Received a gift from Trog
 13731 | Lair:3   | Reached skill level 11 in Long Blades
 14032 | Lair:3   | Reached XP level 12. HP: 89/89 MP: 12/12
 14456 | Lair:3   | Reached skill level 12 in Long Blades
 15668 | Lair:4   | Noticed Nergalle
 16129 | Lair:2   | Reached skill level 13 in Long Blades
 16458 | Lair:5   | Received a gift from Trog
 16609 | Lair:5   | Found a hole to the Spider Nest.
 16929 | Lair:5   | Noticed a five-headed hydra
 16954 | Lair:5   | Killed an eight-headed hydra
 17033 | Lair:5   | Found a staircase to the Swamp.
 17049 | Lair:5   | Reached skill level 14 in Long Blades
 17706 | Lair:6   | Noticed a six-headed hydra
 18508 | Lair:2   | Reached skill level 1 in Stealth
 18574 | Lair:2   | Reached skill level 1 in Evocations
 18580 | Lair:2   | Reached skill level 2 in Stealth
 18584 | Lair:2   | Reached XP level 13. HP: 75/93 MP: 10/14
 18730 | Lair:7   | Reached skill level 3 in Stealth
 18730 | Lair:7   | Reached skill level 2 in Evocations
 18836 | Lair:7   | Reached skill level 4 in Stealth
 18836 | Lair:7   | Reached skill level 3 in Evocations
 18899 | Lair:7   | Reached skill level 5 in Stealth
 19041 | Lair:7   | Reached skill level 4 in Evocations
 19282 | Lair:8   | Entered Level 8 of the Lair of Beasts
 19285 | Lair:8   | Reached skill level 6 in Stealth
 19332 | Lair:8   | Received a gift from Trog
 19353 | Lair:8   | Reached skill level 7 in Stealth
 19353 | Lair:8   | Reached skill level 5 in Evocations
 19665 | Lair:8   | Found a viscous altar of Jiyva.
 19665 | Lair:8   | Found a staircase to the Slime Pits.
 19730 | Lair:8   | Reached skill level 8 in Stealth
 19778 | Lair:8   | Reached skill level 6 in Evocations
 20026 | Lair:8   | Reached skill level 9 in Stealth
 20032 | Lair:8   | Reached skill level 7 in Evocations
 20143 | Lair:8   | Reached skill level 10 in Stealth
 20206 | Lair:8   | Reached skill level 8 in Evocations
 20444 | Lair:8   | Noticed Maud
 20453 | Lair:8   | Killed Maud
 20496 | Lair:8   | Received a gift from Trog
 20607 | Lair:8   | Reached skill level 9 in Evocations
 20607 | Lair:8   | Reached XP level 14. HP: 99/99 MP: 20/20
 21059 | D:10     | Bought a scroll of enchant weapon for 120 gold pieces
 21109 | D:11     | Identified a wand of hasting (You found it on level 11 of the Dungeon)
 21122 | D:11     | Reached skill level 10 in Evocations
 21734 | D:12     | Reached skill level 11 in Evocations
 21977 | D:12     | Found a staircase to the Orcish Mines.
 22234 | D:12     | Reached skill level 11 in Dodging
 22330 | Orc:1    | Entered Level 1 of the Orcish Mines
 22347 | Orc:1    | Received a gift from Trog
 22365 | Orc:1    | Reached skill level 11 in Fighting
 22689 | Orc:1    | Noticed Erica
 22704 | Orc:1    | Killed Erica
 22892 | Orc:2    | Noticed an orc warlord
 22902 | Orc:2    | Killed an orc warlord
 23242 | Orc:3    | Found a staircase to the Elven Halls.
 23250 | Orc:3    | Received a gift from Trog
 23343 | Orc:4    | Entered Level 4 of the Orcish Mines
 23744 | Orc:3    | Found Ustuh's Food Shoppe.
 23882 | Orc:3    | Received a gift from Trog
 24529 | Orc:4    | Found Hukuysib's Antique Armour Shop.
 24963 | Orc:4    | Found Sufoengi's Armour Shop.
 25061 | Orc:4    | Reached skill level 12 in Dodging
 25087 | Orc:4    | Received a gift from Trog
 25104 | Orc:4    | Found Qatilog's Food Emporium.
 25104 | Orc:4    | Found Itoosaxof's Assorted Antiques.
 25114 | Orc:4    | Found Lexkoac's Gadget Shoppe.
 25114 | Orc:4    | Found Diffalom's Antique Armour Shoppe.
 25116 | Orc:4    | Reached skill level 12 in Fighting
 25151 | Orc:4    | Bought a glowing sapphire potion for 21 gold pieces
 25151 | Orc:4    | Bought a scroll of teleportation for 72 gold pieces
 25151 | Orc:4    | Bought a copper wand for 96 gold pieces
 25164 | Orc:4    | Bought a wand of digging (8) for 408 gold pieces
 25164 | Orc:4    | Bought a sack of spiders for 340 gold pieces
 25338 | D:13     | Found a gate to the Vaults.
 25338 | D:13     | Noticed Rupert
 25338 | D:13     | Noticed Donald
 25527 | D:13     | Reached XP level 15. HP: 48/108 MP: 9/23
 25668 | D:13     | Killed Rupert
 25807 | D:13     | Killed Donald
 25811 | D:13     | Got a distressingly furry shield {Donald}
 25822 | D:13     | Identified the +2 shield of Responsibility {rC++} (You took it off Donald on level 13 of the Dungeon)
 25868 | D:13     | Noticed Kirke
 25895 | D:13     | Received a gift from Trog
 25923 | D:12     | Killed Kirke
 26181 | D:13     | Reached skill level 13 in Dodging
 26188 | D:13     | Reached skill level 13 in Fighting
 26617 | D:14     | Found an opulent altar of Gozag.
 27241 | D:15     | Entered Level 15 of the Dungeon
 27725 | D:15     | Found a staircase to the Depths.
 27976 | D:15     | Reached skill level 14 in Dodging
 28194 | D:15     | Found a portal to a secret trove of treasure.
 28227 | D:15     | Reached skill level 14 in Fighting
 28259 | D:15     | Noticed Azrael
 28282 | D:15     | Killed Azrael
 28282 | D:15     | Received a gift from Trog
 28406 | D:15     | Reached XP level 16. HP: 119/119 MP: 24/24
 29042 | Spider:1 | Entered Level 1 of the Spider Nest
 30285 | Spider:2 | Identified a potion of experience
 30290 | Spider:2 | Reached skill level 15 in Fighting
 30290 | Spider:2 | Reached skill level 15 in Dodging
 30290 | Spider:2 | Reached XP level 17. HP: 124/127 MP: 25/25
 31118 | Spider:3 | Received a gift from Trog
 31996 | Spider:3 | Noticed Arachne
 32011 | Spider:3 | Received a gift from Trog
 32058 | Spider:3 | Killed Arachne
 32435 | Spider:4 | Entered Level 4 of the Spider Nest
 32443 | Spider:4 | Noticed Wiglaf
 32456 | Spider:4 | Killed Wiglaf
 32569 | Spider:4 | Reached skill level 16 in Dodging
 32634 | Spider:4 | Reached skill level 16 in Fighting
 33324 | Spider:4 | Reached XP level 18. HP: 125/136 MP: 15/26
 33829 | Spider:4 | Received a gift from Trog
 34479 | Spider:4 | Got a gossamer rune of Zot
 34634 | Spider:4 | Reached skill level 17 in Fighting
 34634 | Spider:4 | Reached skill level 17 in Dodging
 35278 | Lair:2   | Received a gift from Trog
 35891 | Elf:1    | Entered Level 1 of the Elven Halls
 36659 | Elf:2    | Noticed Jorgrun
 36665 | Elf:2    | Received a gift from Trog
 36686 | Elf:2    | Killed Jorgrun
 37282 | Elf:2    | Found Yvuov's Assorted Antiques.
 37303 | Elf:2    | Bought a bone wand for 128 gold pieces
 37303 | Elf:2    | Bought a scroll of remove curse for 96 gold pieces
 37303 | Elf:2    | Bought a small bone amulet for 160 gold pieces
 37303 | Elf:2    | Bought a scroll of fear for 112 gold pieces
 37375 | Elf:2    | Paralysed by an orc sorcerer for 3 turns
 37462 | Elf:2    | Found a huge runed gate.
 37462 | Elf:2    | Found a huge runed gate.
 37462 | Elf:2    | Found a huge runed gate.
 37462 | Elf:2    | Found a huge runed gate.
 37467 | Elf:2    | Found a huge runed gate.
 37599 | Elf:1    | Reached skill level 18 in Fighting
 38085 | Elf:2    | Reached skill level 18 in Dodging
 38085 | Elf:2    | Reached XP level 19. HP: 135/146 MP: 23/27
 38738 | Elf:3    | Entered Level 3 of the Elven Halls
 38927 | Elf:3    | Received a gift from Trog
 39606 | Elf:3    | Got a coiled ivory ring
 39949 | Elf:3    | Reached skill level 19 in Fighting
 39989 | Elf:3    | Reached skill level 19 in Dodging
 40066 | Elf:3    | Identified the ring "Zusokegugy" {EV+3 Str+3 Int+4} (You took it off a deep elf annihilator on level 3 of the Elven Halls)
 40177 | Elf:3    | Received a gift from Trog
 40438 | Elf:3    | Got a translucent lapis lazuli ring
 40440 | Elf:3    | Identified the ring "Cutwosuv" {rF+++ rC- rN+ Str-2 Stlth+} (You took it off a deep elf demonologist on level 3 of the Elven Halls)
 40448 | Elf:3    | Got an ichor-stained scimitar {freeze}
 40449 | Elf:3    | Identified the +6 scimitar of Bloody Death {freeze, Int+4} (You took it off a deep elf demonologist on level 3 of the Elven Halls)
 40531 | Elf:3    | Noticed Mara
 40554 | Elf:3    | Noticed Sar's illusion
 40559 | Elf:3    | Killed Mara
 40559 | Elf:3    | Reached XP level 20. HP: 124/156 MP: 21/28
 41162 | Elf:3    | Received a gift from Trog
 41217 | Elf:1    | Got a sapphire arbalest
 41223 | Elf:1    | Identified the +11 arbalest of Ash {penet, rC+} (You found it on level 1 of the Elven Halls)
 41605 | Swamp:1  | Entered Level 1 of the Swamp
 42067 | Swamp:1  | Reached skill level 6 in Shields
 42541 | Swamp:2  | Reached skill level 7 in Shields
 43080 | Swamp:2  | Reached skill level 8 in Shields
 43856 | Swamp:4  | Entered Level 4 of the Swamp
 43897 | Swamp:4  | Reached skill level 9 in Shields
 44538 | Swamp:4  | Reached skill level 10 in Shields
 45334 | Swamp:4  | Got a decaying rune of Zot
 45825 | Vaults:1 | Entered Level 1 of the Vaults
 45841 | Vaults:1 | Reached skill level 11 in Shields
 46078 | Vaults:1 | Received a gift from Trog
 46270 | Vaults:1 | Reached skill level 12 in Shields
 46398 | Vaults:1 | Reached XP level 21. HP: 115/162 MP: 25/29
 46642 | Vaults:1 | Found Efafotih's Antique Weapon Shop.
 46679 | Vaults:1 | Received a gift from Trog
 46683 | Vaults:1 | Reached skill level 13 in Shields
 47654 | Vaults:2 | Found a shattered altar of Ashenzari.
 47685 | Vaults:2 | Reached skill level 14 in Shields
 47882 | Vaults:2 | Found Jeon's Magic Scroll Shop.
 47891 | Vaults:2 | Received a gift from Trog
 47900 | Vaults:2 | Bought a scroll of identify for 24 gold pieces
 47900 | Vaults:2 | Bought a scroll of enchant weapon for 90 gold pieces
 47900 | Vaults:2 | Bought a scroll of teleportation for 36 gold pieces
 47900 | Vaults:2 | Bought a scroll of blinking for 90 gold pieces
 47900 | Vaults:2 | Bought a scroll of identify for 24 gold pieces
 47900 | Vaults:2 | Bought a scroll of identify for 24 gold pieces
 47900 | Vaults:2 | Bought a scroll of blinking for 90 gold pieces
 47900 | Vaults:2 | Bought a scroll of teleportation for 36 gold pieces
 47900 | Vaults:2 | Bought a scroll of holy word for 90 gold pieces
 48355 | Vaults:2 | Noticed Boris
 48371 | Vaults:2 | Killed Boris
 48371 | Vaults:2 | Reached skill level 15 in Shields
 48607 | Vaults:2 | Found a staircase to the Crypt.
 48952 | Vaults:3 | Noticed Boris
 49009 | Vaults:3 | Killed Boris
 49020 | Vaults:3 | Reached skill level 16 in Shields
 49027 | Vaults:3 | Received a gift from Trog
 49486 | Vaults:3 | Reached XP level 22. HP: 163/169 MP: 30/30
 49680 | Vaults:3 | Received a gift from Trog
 50160 | Vaults:4 | Noticed Agnes
 50169 | Vaults:4 | Killed Agnes
 50327 | Vaults:4 | Noticed Jessica
 50327 | Vaults:4 | Killed Jessica
 50375 | Vaults:4 | Noticed Blork the orc
 50379 | Vaults:4 | Reached skill level 17 in Shields
 50384 | Vaults:4 | Killed Blork the orc
 50387 | Vaults:4 | Received a gift from Trog
 50420 | Vaults:4 | Reached skill level 20 in Fighting
 50424 | Vaults:4 | Reached skill level 20 in Dodging
 50588 | Vaults:4 | Found Tirghaut's Magic Scroll Emporium.
 50594 | Vaults:4 | Bought a scroll of identify for 24 gold pieces
 50594 | Vaults:4 | Bought a scroll of brand weapon for 240 gold pieces
 50594 | Vaults:4 | Bought a scroll of remove curse for 36 gold pieces
 50594 | Vaults:4 | Bought a scroll of remove curse for 36 gold pieces
 50594 | Vaults:4 | Bought a scroll of teleportation for 36 gold pieces
 50594 | Vaults:4 | Bought 3 scrolls of brand weapon for 720 gold pieces
 50594 | Vaults:4 | Bought a scroll of recharging for 114 gold pieces
 50594 | Vaults:4 | Bought a scroll of identify for 24 gold pieces
 50845 | Vaults:4 | Received a gift from Trog
 52386 | Depths:1 | Entered Level 1 of the Depths
 52875 | Depths:1 | Found a one-way gate leading to the halls of Pandemonium.
 52941 | Depths:1 | Noticed Aizul
 52959 | Depths:1 | Killed Aizul
 52959 | Depths:1 | Reached XP level 23. HP: 122/178 MP: 25/31
 52977 | Depths:1 | Reached skill level 15 in Long Blades
 53045 | Depths:1 | Found a gateway to Hell.
 53245 | Depths:1 | Received a gift from Trog
 53245 | Depths:1 | Reached skill level 11 in Stealth
 53848 | Depths:1 | Received a gift from Trog
 54279 | Depths:2 | Noticed the Enchantress
 54479 | Depths:2 | Reached skill level 18 in Shields
 54541 | Depths:2 | Noticed Saint Roka
 54602 | Depths:2 | Killed Saint Roka
 54602 | Depths:2 | Reached skill level 12 in Stealth
 54610 | Depths:2 | Killed the Enchantress
 54625 | Depths:2 | Got a faerie dragon armour
 55074 | Depths:2 | Found a one-way gate to the infinite horrors of the Abyss.
 55318 | Depths:2 | Received a gift from Trog
 55536 | Depths:2 | Noticed Margery
 55598 | Depths:2 | Killed Margery
 55953 | Depths:2 | Reached skill level 21 in Fighting
 55955 | Depths:2 | Reached XP level 24. HP: 184/187 MP: 26/31
 55960 | Depths:2 | Reached skill level 13 in Stealth
 55995 | Depths:2 | Got a flickering silver ring
 55998 | Depths:2 | Identified the ring of the Ten Songs {MP+9 Int+2} (You found it on level 2 of the Depths)
 56155 | Depths:2 | Received a gift from Trog
 56634 | Depths:2 | Reached skill level 16 in Long Blades
 56758 | Depths:3 | Found a gateway to a ziggurat.
 57114 | Depths:3 | Reached skill level 21 in Dodging
 57880 | Depths:4 | Reached skill level 14 in Stealth
 57903 | Depths:4 | Received a gift from Trog
 59170 | Depths:4 | Reached skill level 19 in Shields
 59292 | Depths:3 | Reached skill level 15 in Stealth
 59502 | Depths:4 | Reached XP level 25. HP: 193/193 MP: 31/31
 59577 | Depths:4 | Got a heavily runed steel ring
 59580 | Depths:4 | Identified the ring "Fasmej" {Ice Int+4 Dex-3} (You found it on level 4 of the Depths)
 59592 | Depths:4 | Noticed a juggernaut
 59606 | Depths:4 | Killed a juggernaut
 59615 | Depths:4 | Received a gift from Trog
 59751 | Depths:4 | Noticed a juggernaut
 59766 | Depths:4 | Killed a juggernaut
 60282 | Depths:4 | Identified the +5 faerie dragon armour {-Tele *Confuse rPois Stlth+} (You took it off the Enchantress on level 2 of the Depths)
 60848 | D:15     | You paid a toll of 19 scrolls of identify to enter a treasure trove
 60849 | Trove    | Entered a treasure trove
 61089 | Depths:5 | Entered Level 5 of the Depths
 61192 | Depths:5 | Reached skill level 16 in Stealth
 61350 | Depths:5 | Received a gift from Trog
 61355 | Depths:5 | Reached skill level 12 in Evocations
 61612 | Depths:5 | Noticed Sojobo
 61619 | Depths:5 | Noticed magipi's ghost (mighty SpAs)
 61623 | Depths:5 | Killed Sojobo
 61623 | Depths:5 | Reached skill level 17 in Stealth
 61676 | Depths:5 | Killed magipi's ghost
 61752 | Depths:5 | Found a gate to the Realm of Zot.
 61783 | Depths:5 | Reached skill level 13 in Evocations
 61825 | Depths:5 | Reached skill level 18 in Stealth
 62033 | Depths:5 | Reached skill level 14 in Evocations
 62478 | Depths:5 | Reached skill level 19 in Stealth
 62643 | Depths:5 | Upgraded the game from 0.17-a0-1951-g62301d3 to 0.17-a0-1954-g0dddeaa
 63540 | Vaults:5 | Entered Level 5 of the Vaults
 63602 | Vaults:5 | Received a gift from Trog
 63618 | Vaults:5 | Reached skill level 15 in Evocations
 63621 | Vaults:5 | Reached skill level 20 in Stealth
 63975 | Vaults:5 | Reached XP level 26. HP: 135/201 MP: 26/34
 64149 | Vaults:5 | Reached skill level 16 in Evocations
 64152 | Vaults:5 | Reached skill level 21 in Stealth
 64374 | Vaults:5 | Received a gift from Trog
 64383 | Vaults:5 | Reached skill level 17 in Evocations
 64384 | Vaults:5 | Reached skill level 22 in Stealth
 64492 | Vaults:5 | Reached skill level 23 in Stealth
 64497 | Vaults:5 | Reached skill level 18 in Evocations
 64550 | Vaults:5 | Noticed Frederick
 64556 | Vaults:5 | Killed Frederick
 64960 | Vaults:5 | Reached skill level 24 in Stealth
 65116 | Vaults:5 | Reached skill level 19 in Evocations
 65170 | Vaults:5 | Received a gift from Trog
 65199 | Vaults:5 | Got a silver rune of Zot
 65564 | Vaults:5 | Reached skill level 25 in Stealth
 65646 | Vaults:5 | Got a twisted arbalest
 65653 | Vaults:5 | Identified the cursed +1 arbalest of the Sea {velocity, rN+ MR- Str+3 Int+5} (You took it off a vault sentinel on level 5 of the Vaults)
 65849 | Vaults:5 | Got an iridescent scimitar {pain}
 65850 | Vaults:5 | Identified the +10 scimitar "Veddop" {pain, *Rage rF+ Dex+3} (You took it off a yaktaur on level 5 of the Vaults)
 66244 | Vaults:1 | Reached skill level 20 in Evocations
 66921 | Zot:1    | Entered Level 1 of the Realm of Zot
 66997 | Zot:1    | Reached XP level 27. HP: 207/207 MP: 37/37
 67002 | Zot:1    | Reached skill level 26 in Stealth
 68202 | Zot:1    | Reached skill level 21 in Evocations
 68212 | Zot:1    | Received a gift from Trog
 68832 | Zot:2    | Reached skill level 22 in Fighting
 69015 | Zot:2    | Received a gift from Trog
 70440 | Zot:3    | Reached skill level 22 in Evocations
 70676 | Zot:4    | Reached skill level 22 in Dodging
 71277 | Zot:4    | Received a gift from Trog
 71502 | Zot:4    | Reached skill level 20 in Shields
 71684 | Zot:5    | Entered Level 5 of the Realm of Zot
 71711 | Zot:5    | Reached skill level 17 in Long Blades
 72293 | Zot:5    | Found a huge runed gate.
 72293 | Zot:5    | Found a huge runed gate.
 72293 | Zot:5    | Found a huge runed gate.
 72296 | Zot:5    | Found a huge runed gate.
 72372 | Zot:5    | Found a huge runed gate.
 72373 | Zot:5    | Found a huge runed gate.
 72373 | Zot:5    | Found a huge runed gate.
 72373 | Zot:5    | Found a huge runed gate.
 72606 | Zot:5    | Noticed an orb of fire
 72878 | Zot:5    | Killed an orb of fire
 72878 | Zot:5    | Reached skill level 23 in Evocations
 73924 | Zot:5    | Found a huge runed gate.
 73924 | Zot:5    | Found a huge runed gate.
 73926 | Zot:5    | Found a huge runed gate.
 73930 | Zot:5    | Found a huge runed gate.
 73931 | Zot:5    | Found a huge runed gate.
 73931 | Zot:5    | Found a huge runed gate.
 73931 | Zot:5    | Found a huge runed gate.
 73931 | Zot:5    | Found a huge runed gate.
 73931 | Zot:5    | Found a huge runed gate.
 73933 | Zot:5    | Found a huge runed gate.
 73933 | Zot:5    | Found a huge runed gate.
 73936 | Zot:5    | Found a huge runed gate.
 74256 | Zot:5    | Received a gift from Trog
 74298 | Zot:5    | Got a scorched falchion {god gift}
 74299 | Zot:5    | Identified the +9 falchion of Equivalence {drain, *Drain Str+4 Int+3} (Trog gifted it to you on level 5 of the Realm of Zot)
 74671 | Zot:5    | Noticed an ancient lich
 74687 | Zot:5    | Killed an ancient lich
 74825 | Zot:5    | Reached skill level 23 in Fighting
 74845 | Zot:5    | Noticed an orb of fire
 74886 | Zot:5    | Noticed an ancient lich
 74888 | Zot:5    | Noticed an orb of fire
 74898 | Zot:5    | Noticed an orb of fire
 74924 | Zot:5    | Gained mutation: Your magical capacity is low (-10% MP). [an orb of fire]
 74937 | Zot:5    | Killed an orb of fire
 75254 | Zot:5    | Noticed an orb of fire
 75262 | Zot:5    | Reached skill level 24 in Evocations
 75283 | Zot:5    | Killed an orb of fire
 75320 | Zot:4    | HP: 21/211 [poisoned by a golden dragon (poison gas)]
 75325 | Zot:4    | HP: 20/211 [poisoned by a golden dragon (poison gas)]
 75332 | Zot:4    | HP: 20/211 [poisoned by a golden dragon (poison gas)]
 75950 | Zot:5    | Reached skill level 18 in Long Blades
 76209 | Zot:5    | Killed an orb of fire
 76301 | Zot:5    | Noticed an orb of fire
 76303 | Zot:5    | Gained mutation: You are dopey. (Int -2) [an orb of fire]
 76320 | Zot:5    | Killed an orb of fire
 76320 | Zot:5    | Reached skill level 23 in Dodging
 76875 | Zot:5    | Reached skill level 21 in Shields
 77263 | Zot:5    | Noticed an orb of fire
 77273 | Zot:5    | Noticed an orb of fire
 77294 | Zot:5    | Killed an orb of fire
 77309 | Zot:5    | Killed an orb of fire
 77711 | Zot:5    | Killed an ancient lich
 77994 | Zot:5    | Killed an orb of fire
 78550 | Zot:5    | Received a gift from Trog
 78979 | Zot:5    | Reached skill level 19 in Long Blades
 80588 | Slime:1  | Entered Level 1 of the Pits of Slime
 81669 | Slime:6  | Entered Level 6 of the Pits of Slime
 82306 | Slime:6  | Noticed the royal jelly
 82924 | Slime:6  | Found a viscous altar of Jiyva.
 83049 | Slime:6  | Killed the royal jelly
 83049 | Slime:6  | Reached skill level 20 in Long Blades
 83206 | Slime:6  | Identified a +4 rod of shadows (14/14) {!a} (You found it on level 6 of the Pits of Slime)
 83214 | Slime:6  | Got a slimy rune of Zot
 83226 | Slime:6  | Got a crude great mace
 83227 | Slime:6  | Identified the +2 great mace "Podosm" {freeze, rC+ Str+5} (You found it on level 6 of the Pits of Slime)
 83920 | Pan      | Entered Pandemonium
 85247 | Pan      | Reached skill level 21 in Long Blades
 85361 | Pan      | Received a gift from Trog
 85411 | Pan      | Got a coiled granite ring
 85413 | Pan      | Identified the ring "Qiqekk" {MP+9 Str+4 Dex+5} (You took it off a black sun in Pandemonium)
 85708 | Pan      | Found a gateway to a ziggurat.
 85737 | Pan      | Paralysed by a giant eyeball for 4 turns
 85839 | Zig:1    | Entered Level 1 of a ziggurat
 86034 | Zig:2    | Entered Level 2 of a ziggurat
 86103 | Zig:3    | Entered Level 3 of a ziggurat
 86144 | Zig:4    | Entered Level 4 of a ziggurat
 86192 | Zig:4    | Reached skill level 22 in Long Blades
 86293 | Zig:5    | Entered Level 5 of a ziggurat
 86347 | Zig:5    | Got a heavily runed platinum ring
 86363 | Zig:5    | Identified the ring of Levity {rElec MR+ Slay+4} (You found it on level 5 of a ziggurat)
 86369 | Zig:6    | Entered Level 6 of a ziggurat
 86462 | Zig:6    | Gained mutation: You can spit weak poison. [potion of beneficial mutation]
 86501 | Zig:7    | Entered Level 7 of a ziggurat
 86663 | Zig:8    | Entered Level 8 of a ziggurat
 86696 | Zig:8    | Received a gift from Trog
 86767 | Zig:8    | Got a faintly glowing jade amulet
 86768 | Zig:8    | Identified the amulet of Luerph {Regen+ Str+3} (You found it on level 8 of a ziggurat)
 87043 | Zig:9    | Entered Level 9 of a ziggurat
 87097 | Zig:9    | Reached skill level 23 in Long Blades
 87355 | Zig:10   | Entered Level 10 of a ziggurat
 87861 | Zig:10   | Got an ancient ruby amulet
 87862 | Zig:10   | Identified the amulet "Abalub" {Clar rElec Int+4} (You found it on level 10 of a ziggurat)
 87920 | Pan      | Found an exit through the horrors of the Abyss.
 87938 | Pan      | Noticed Mennas
 87949 | Pan      | Killed Mennas
 88210 | Pan      | Found an exit through the horrors of the Abyss.
 88598 | Pan      | Found an exit through the horrors of the Abyss.
 88632 | Pan      | Reached skill level 24 in Long Blades
 88665 | Pan      | Received a gift from Trog
 88712 | Pan      | Noticed Lynelomu the pandemonium lord
 88733 | Pan      | Killed Lynelomu the pandemonium lord
 89545 | Pan      | Found an exit through the horrors of the Abyss.
 89692 | Pan      | Noticed Piucetoa the pandemonium lord
 89704 | Pan      | Killed Piucetoa the pandemonium lord
 89757 | Pan      | Reached skill level 25 in Long Blades
 89774 | Pan      | Got a demonic rune of Zot
 89851 | Pan      | Found an exit through the horrors of the Abyss.
 90178 | Pan      | Received a gift from Trog
 90226 | Pan      | Noticed Ryprak the pandemonium lord
 90269 | Pan      | Found an exit through the horrors of the Abyss.
 90989 | Pan      | Received a gift from Trog
 90989 | Pan      | Reached skill level 26 in Long Blades
 91938 | Pan      | Killed Ryprak the pandemonium lord
 91938 | Pan      | Received a gift from Trog
 92627 | Pan      | Identified a wand of teleportation (You found it in Pandemonium)
 93377 | Pan      | Reached skill level 24 in Fighting
 93893 | Pan      | Entered the realm of Gloorx Vloq.
 94163 | Pan      | Reached skill level 22 in Shields
 94383 | Pan      | Found an exit through the horrors of the Abyss.
 94463 | Pan      | Reached skill level 24 in Dodging
 94680 | Pan      | Got a bloodstained large shield
 94685 | Pan      | Identified the cursed +0 large shield "Muokigix" {rF+} (You found it in Pandemonium)
 94700 | Pan      | Noticed Gloorx Vloq
 94774 | Pan      | Killed Gloorx Vloq
 94882 | Pan      | Got a dark rune of Zot
 95215 | Pan      | Entered the realm of Cerebov.
 95487 | Pan      | Received a gift from Trog
 95521 | Pan      | Noticed Cerebov
 95527 | Pan      | Found an exit through the horrors of the Abyss.
 95865 | Pan      | Got an iridescent great sword {slice}
 95865 | Pan      | Got a sparkling silver amulet
 95866 | Pan      | Identified the amulet "Adghevo" {Ward rN+ Int+2} (You took it off a balrug in Pandemonium)
 95868 | Pan      | Identified the +5 great sword "Quedduox" {slice, +Fly rElec rF+} (You took it off a balrug in Pandemonium)
 96334 | Pan      | Killed Cerebov
 96596 | Pan      | Got a fiery rune of Zot
 96663 | Pan      | Got a fine steel ring
 96664 | Pan      | Identified the ring of the Countless Realms {MR+ Dex+3} (You took it off a balrug in Pandemonium)
 96818 | Pan      | Found a huge runed gate.
 97024 | Pan      | Gained mutation: Scrolls take you a little longer to read. [a neqoxec]
 97064 | Pan      | Lost mutation: Scrolls take you a little longer to read. [potion of cure mutation]
 97064 | Pan      | Lost mutation: Your magical capacity is low (-10% MP). [potion of cure mutation]
 97064 | Pan      | Lost mutation: You are dopey. (Int -2) [potion of cure mutation]
 97419 | Pan      | Found a glowing silver altar of Zin.
 97617 | Pan      | Got a shimmering large shield
 97618 | Pan      | Identified the +3 large shield of Oxoguw {-Cast rN+ MR+} (You took it off a daeva in Pandemonium)
 97780 | Pan      | Received a gift from Trog
 98088 | Pan      | Reached skill level 25 in Fighting
 98119 | Pan      | Got a fine large shield
 98120 | Pan      | Identified the cursed +0 large shield of the Vaults {rF+ MR++ Stlth-} (You took it off a daeva in Pandemonium)
 98173 | Pan      | Found a white marble altar of Elyvilon.
 98719 | Pan      | Reached skill level 23 in Shields
 99191 | Pan      | Noticed a seraph
 99204 | Pan      | Killed a seraph
 99214 | Pan      | Received a gift from Trog
 99227 | Pan      | Reached skill level 25 in Evocations
 99299 | Pan      | Found a glowing golden altar of the Shining One.
 99586 | Pan      | Reached skill level 25 in Dodging
100893 | Pan      | Got an ancient large shield
100894 | Pan      | Identified the +1 large shield of the Rabble {+Fly rElec rC+} (You took it off a daeva in Pandemonium)
101066 | Pan      | Received a gift from Trog
101330 | Depths:1 | Escaped Pandemonium
101377 | Pan      | Entered Pandemonium
101635 | Pan      | Found an exit through the horrors of the Abyss.
101688 | Pan      | Entered the realm of Mnoleg.
101850 | Pan      | Noticed Mnoleg
101888 | Pan      | Killed Mnoleg
101937 | Pan      | Got a glowing rune of Zot
102269 | Pan      | Received a gift from Trog
102281 | Pan      | Reached skill level 26 in Evocations
102522 | Pan      | Found an exit through the horrors of the Abyss.
102551 | Pan      | Noticed Evyhejoq the pandemonium lord
102579 | Pan      | Killed Evyhejoq the pandemonium lord
102767 | Pan      | Noticed Sukomp the pandemonium lord
102775 | Depths:1 | Escaped Pandemonium
103252 | Pan      | Entered the realm of Lom Lobon.
103252 | Pan      | Entered Pandemonium
103481 | Pan      | Noticed Lom Lobon
103668 | Pan      | Reached skill level 24 in Shields
103758 | Pan      | Killed Lom Lobon
103764 | Pan      | Got a magical rune of Zot
104293 | Pan      | Found an exit through the horrors of the Abyss.
104401 | Pan      | Reached skill level 26 in Fighting
104569 | Pan      | Took an exit into the Abyss.
104569 | Abyss:1  | Escaped into the Abyss
104645 | Abyss:1  | Found a corrupted altar of Lugonu.
104660 | Abyss:1  | Reached skill level 1 in Unarmed Combat
104763 | Abyss:2  | Reached skill level 1 in Maces & Flails
104792 | Abyss:2  | Received a gift from Trog
104895 | Abyss:2  | Reached skill level 2 in Unarmed Combat
104960 | Abyss:3  | Identified a +0 rod of destruction (11/11) {!a} (You found it on level 2 of the Abyss)
105009 | Abyss:3  | Reached skill level 2 in Maces & Flails
105113 | Abyss:3  | Reached skill level 3 in Unarmed Combat
105138 | Abyss:3  | Reached skill level 3 in Maces & Flails
105323 | Abyss:3  | Drew Focus: Dex increased to 22, Int decreased to 11
105556 | Abyss:3  | Reached skill level 4 in Unarmed Combat
105585 | Abyss:3  | Reached skill level 4 in Maces & Flails
105594 | Abyss:3  | Found a corrupted altar of Lugonu.
105683 | Abyss:3  | Reached skill level 26 in Dodging
105831 | Abyss:3  | Reached skill level 5 in Maces & Flails
106207 | Abyss:3  | Reached skill level 5 in Unarmed Combat
106487 | Abyss:3  | Found a deep blue altar of Sif Muna.
106495 | Abyss:3  | Reached skill level 6 in Maces & Flails
106670 | Abyss:3  | Reached skill level 6 in Unarmed Combat
106931 | Abyss:3  | Received a gift from Trog
106949 | Abyss:3  | Got an abyssal rune of Zot
106985 | Abyss:3  | Found a roughly hewn altar of Beogh.
107015 | Abyss:3  | Reached skill level 7 in Maces & Flails
107063 | Abyss:3  | Reached skill level 7 in Unarmed Combat
107141 | Abyss:3  | Found a roughly hewn altar of Beogh.
107228 | Depths:1 | Escaped the Abyss
107780 | Hell     | Entered the Vestibule of Hell
107780 | Hell     | Noticed Geryon
107782 | Hell     | Noticed Murray
108028 | Depths:1 | Reached skill level 8 in Maces & Flails
108304 | Depths:1 | Received a gift from Trog
108956 | Hell     | Reached skill level 8 in Unarmed Combat
108964 | Hell     | Killed Geryon
108978 | Hell     | Killed Murray
109228 | Depths:1 | Reached skill level 25 in Shields
109282 | Hell     | Reached skill level 9 in Maces & Flails
109433 | Hell     | Found a gateway to the Iron City of Dis.
109463 | Hell     | Found a gateway to the freezing wastes of Cocytus.
109497 | Hell     | Reached skill level 9 in Unarmed Combat
109548 | Hell     | Found a gateway to the decaying netherworld of Tartarus.
109617 | Hell     | Found a gateway to the ashen valley of Gehenna.
109663 | Dis:1    | Entered Level 1 of the Iron City of Dis
109807 | Dis:2    | Received a gift from Trog
110279 | Dis:7    | Entered Level 7 of the Iron City of Dis
110586 | Dis:7    | Reached skill level 10 in Maces & Flails
110976 | Dis:7    | Reached skill level 10 in Unarmed Combat
111653 | Dis:7    | Reached skill level 27 in Dodging
111662 | Dis:7    | Received a gift from Trog
112259 | Dis:7    | Noticed Dispater
112547 | Dis:7    | Killed Dispater
112564 | Dis:7    | Got an iron rune of Zot
113025 | Orc:4    | Bought a meat ration for 50 gold pieces
113025 | Orc:4    | Bought a bread ration for 50 gold pieces
113025 | Orc:4    | Bought a bread ration for 50 gold pieces
113025 | Orc:4    | Bought a meat ration for 50 gold pieces
113025 | Orc:4    | Bought a bread ration for 50 gold pieces
113025 | Orc:4    | Bought a bread ration for 50 gold pieces
113025 | Orc:4    | Bought a meat ration for 50 gold pieces
113090 | Orc:3    | Bought a bread ration for 70 gold pieces
113090 | Orc:3    | Bought a bread ration for 70 gold pieces
113090 | Orc:3    | Bought a bread ration for 70 gold pieces
113090 | Orc:3    | Bought a bread ration for 70 gold pieces
113090 | Orc:3    | Bought a bread ration for 70 gold pieces
113090 | Orc:3    | Bought a meat ration for 70 gold pieces
113090 | Orc:3    | Bought a meat ration for 70 gold pieces
113090 | Orc:3    | Bought a bread ration for 70 gold pieces
113090 | Orc:3    | Bought a bread ration for 70 gold pieces
113288 | Coc:1    | Entered Level 1 of Cocytus
113451 | Coc:2    | Reached skill level 27 in Stealth
113698 | Coc:7    | Entered Level 7 of Cocytus
113756 | Coc:7    | Reached skill level 27 in Long Blades
113923 | Coc:7    | Received a gift from Trog
114293 | Coc:7    | Reached skill level 26 in Shields
114641 | Coc:7    | Reached skill level 27 in Evocations
114646 | Coc:7    | Noticed the Serpent of Hell
115309 | Coc:7    | Killed the Serpent of Hell
115324 | Coc:7    | HP: 16/222 [??? (11)]
115478 | Coc:7    | Reached skill level 27 in Fighting
115718 | Coc:7    | Noticed Antaeus
115774 | Coc:7    | Received a gift from Trog
116002 | Coc:7    | Noticed brucemayne's ghost (legendary HOBe)
116039 | Coc:7    | Killed brucemayne's ghost
116068 | Coc:7    | Reached skill level 27 in Shields
116180 | Coc:7    | Reached skill level 11 in Maces & Flails
116350 | Coc:7    | Reached skill level 11 in Unarmed Combat
116867 | Coc:7    | Reached skill level 12 in Maces & Flails
116921 | Coc:7    | Reached skill level 12 in Unarmed Combat
117486 | Coc:7    | Killed Antaeus
117486 | Coc:7    | Reached skill level 13 in Maces & Flails
117499 | Coc:7    | Got an icy rune of Zot
117830 | Tar:1    | Entered Level 1 of Tartarus
118069 | Tar:1    | Reached skill level 13 in Unarmed Combat
118426 | Tar:6    | Noticed an ancient lich
118431 | Tar:6    | Killed an ancient lich
118540 | Tar:6    | Reached skill level 14 in Maces & Flails
118765 | Tar:7    | Entered Level 7 of Tartarus
118800 | Tar:7    | Reached skill level 14 in Unarmed Combat
119133 | Tar:7    | Received a gift from Trog
119200 | Tar:7    | Got a coiled pewter ring
119202 | Tar:7    | Identified the ring of Ychyrgh {rF+ Dex+2} (You found it on level 7 of Tartarus)
119216 | Tar:7    | Got a twisted blowgun
119217 | Tar:7    | Identified the +5 blowgun of Fundamental Breach {evade, rF+} (You found it on level 7 of Tartarus)
119280 | Tar:7    | Reached skill level 15 in Maces & Flails
119554 | Tar:7    | Reached skill level 15 in Unarmed Combat
119954 | Tar:7    | Noticed Ereshkigal
120032 | Tar:7    | Reached skill level 16 in Maces & Flails
120067 | Tar:7    | Killed Ereshkigal
120294 | Geh:1    | Entered Level 1 of Gehenna
120406 | Geh:2    | Reached skill level 16 in Unarmed Combat
121227 | Geh:3    | Received a gift from Trog
121450 | Geh:7    | Entered Level 7 of Gehenna
121520 | Geh:7    | Reached skill level 17 in Maces & Flails
121782 | Geh:7    | Received a gift from Trog
121974 | Geh:7    | Reached skill level 17 in Unarmed Combat
122057 | Geh:7    | Got a pitted glass ring
122058 | Geh:7    | Identified the ring of Temptation {rElec MR+ EV+3 Str-2 Dex+7} (You found it on level 7 of Gehenna)
122706 | Geh:7    | Reached skill level 18 in Maces & Flails
122897 | Geh:7    | Noticed Asmodeus
123100 | Geh:7    | Killed Asmodeus
123100 | Geh:7    | Reached skill level 18 in Unarmed Combat
123151 | Geh:7    | Got an obsidian rune of Zot
123516 | Crypt:1  | Entered Level 1 of the Crypt
123964 | Crypt:1  | Noticed Khufu
123974 | Crypt:1  | Killed Khufu
123974 | Crypt:1  | Reached skill level 19 in Maces & Flails
123981 | Crypt:1  | Received a gift from Trog
124385 | Crypt:2  | Reached skill level 19 in Unarmed Combat
125087 | Crypt:3  | Entered Level 3 of the Crypt
125487 | Crypt:3  | Found a staircase to the Tomb.
125587 | Crypt:3  | Reached skill level 20 in Maces & Flails
125694 | Crypt:3  | Found a basalt altar of Yredelemnul.
125822 | Crypt:3  | Reached skill level 20 in Unarmed Combat
126014 | Crypt:3  | Got a brightly glowing platinum ring
126015 | Crypt:3  | Identified the ring "Savveivo" {+Fly Int+2} (You found it on level 3 of the Crypt)
126939 | Tomb:1   | Entered Level 1 of the Tomb of the Ancients
128274 | Tomb:1   | Reached skill level 21 in Maces & Flails
129049 | Tomb:1   | Reached skill level 21 in Unarmed Combat
130459 | Tomb:1   | HP: 30/336 [torment (14)]
130904 | Tomb:2   | Gained mutation: You are clumsy. (Dex -2) [a neqoxec]
131981 | Tomb:1   | Reached skill level 22 in Maces & Flails
132259 | Tomb:1   | Received a gift from Trog
132862 | Tomb:1   | Reached skill level 22 in Unarmed Combat
133747 | Tomb:3   | Entered Level 3 of the Tomb of the Ancients
133808 | Tomb:3   | Noticed brucemayne's ghost (great HOBe)
134464 | Tomb:3   | Noticed an ancient lich
134506 | Tomb:3   | Killed brucemayne's ghost
134516 | Tomb:2   | Killed an ancient lich
134516 | Tomb:2   | Reached skill level 23 in Maces & Flails
135102 | Tomb:2   | Reached skill level 23 in Unarmed Combat
136716 | Tomb:3   | Identified a scroll of acquirement
136775 | Tomb:3   | Identified a wand of heal wounds (You acquired it on level 3 of the Tomb of the Ancients)
136787 | Tomb:3   | Got a translucent lapis lazuli ring
136791 | Tomb:3   | Identified the ring "Nyvi Cob" {Wiz *Confuse Str+4 Dex+3} (You found it on level 3 of the Tomb of the Ancients)
137006 | Tomb:3   | Got a golden rune of Zot
137052 | Tomb:3   | Identified a +6 rod of destruction (11/11) {!a} (You found it on level 3 of the Tomb of the Ancients)
137058 | Tomb:3   | Identified a +5 rod of inaccuracy (11/11) {!a} (You found it on level 3 of the Tomb of the Ancients)
138593 | Zot:5    | Got the Orb of Zot
138828 | Hell     | Noticed Neguitz the pandemonium lord
138843 | Hell     | Killed Neguitz the pandemonium lord
138843 | Hell     | Reached skill level 24 in Maces & Flails
138998 | Dis:5    | You fall through a shaft!
139062 | Hell     | Noticed Quis the pandemonium lord
139067 | Hell     | Paralysed by Quis for 5 turns
139071 | Hell     | Noticed Esus the pandemonium lord
139150 | Tar:1    | Received a gift from Trog
139300 | Tar:6    | Reached skill level 24 in Unarmed Combat
139467 | Tar:7    | Got a bone rune of Zot
139539 | Hell     | Killed Esus the pandemonium lord
139544 | Hell     | Noticed Qucitak the pandemonium lord
139559 | Hell     | Killed Qucitak the pandemonium lord
139579 | Hell     | Killed Quis the pandemonium lord
139640 | Hell     | Noticed Hies Coh the pandemonium lord
139946 | D:10     | Noticed a hill giant
139956 | D:10     | Killed a hill giant
140159 | D:2      | Gained mutation: You tend to lose your temper in combat. [a cacodemon]
140169 | D:2      | Killed Terence
140170 | D:2      | Noticed Abuyrch the pandemonium lord
140190 | D:$      | Escaped with the Orb!

Vanquished Creatures
  Asmodeus (Geh:7)
  the royal jelly (Slime:6)
  Ereshkigal (Tar:7)
  Gloorx Vloq (Pan)
  A seraph (Pan)
  the Serpent of Hell (Coc:7)
  Mnoleg (Pan)
  Lom Lobon (Pan)
  Dispater (Dis:7)
  The ghost of brucemayne the Impregnable, a legendary HOBe of the Shining One (Coc:7)
  Khufu (Crypt:1)
  8 orbs of fire (Zot:5)
  Mara (Elf:3)
  Mennas (Pan)
  2 juggernauts (Depths:4)
  4 ancient liches
  35 greater mummies
  Sojobo (Depths:5)
  Boris (twice) (Vaults:2 Vaults:3)
  13 shard shrikes
  Margery (Depths:2)
  Saint Roka (Depths:2)
  4 Killer Klowns (Zot:5)
  The ghost of brucemayne the Executioner, a great HOBe of the Shining One (Tomb:3)
  A caustic shrike (shapeshifter) (Depths:3)
  Geryon (Hell)
  A caustic shrike (Depths:3)
  3 profane servitors
  19 golden dragons
  the Enchantress (Depths:2)
  2 pearl dragons (Pan)
  17 liches
  16 bone dragons
  Arachne (Spider:3)
  25 Brimstone Fiends
  8 pandemonium lords
  Jorgrun (Elf:2)
  4 electric golems
  29 Orb Guardians
  23 Ice Fiends
  22 Hell Sentinels
  25 tentacled monstrosities
  7 Shadow Fiends
  3 deep elf blademasters
  20 Executioners
  11 tentacled starspawn (Abyss:3)
  Murray (Hell)
  2 deep elf master archers (Elf:3)
  2 titans (Zig:6)
  14 acid blobs
  7 ancient champions
  An eldritch tentacle (Vaults:5)
  14 storm dragons
  Agnes (Vaults:4)
  14 sphinxes
  10 death cobs
  12 tengu reavers
  2 thorn hunters
  Kirke (D:12)
  2 revenants
  10 shadow dragons
  6 draconian monks
  3 greater nagas (Zig:8)
  13 frost giants
  Wiglaf (Spider:4)
  16 fire giants
  9 deep elf sorcerers
  21 daevas (Pan)
  33 balrugs
  Donald (D:13)
  7 draconian knights
  12 iron dragons
  14 vault wardens
  7 black suns (Pan)
  Maud (Lair:8)
  6 azure jellies
  8 ghost moths
  Aizul (Depths:1)
  10 draconian scorchers
  5 curse skulls
  22 cacodemons
  6 emperor scorpions
  31 angels
  6 draconian zealots
  5 orc warlords
  10 ironheart preservers
  4 warmongers (Pan)
  17 ghouls
  13 draconian shifters
  3 draconian annihilators
  6 spriggan defenders
  22 stone giants
  7 draconian callers
  28 very ugly things
  3 elemental wellsprings
  63 reapers
  15 ophanim (Pan)
  4 vampire knights
  34 apis (Pan)
  7 chaos champions (Pan)
  10 lorocyprocas
  5 corrupters (Pan)
  17 war gargoyles
  8 black draconians
  13 green draconians
  10 deep elf demonologists
  3 salamander stormcallers
  21 deep elf annihilators
  4 bennus (Tomb:1)
  Azrael (D:15)
  14 mottled draconians
  13 purple draconians
  9 white draconians
  A dire elephant (Zig:3)
  4 salamander firebrands
  18 red draconians
  10 blood saints
  10 yellow draconians
  6 green deaths
  12 eidola
  5 deep elf death magi
  18 ettins
  4 crystal guardians (Abyss:3)
  26 vault guards
  26 mummy priests
  24 fire dragons
  7 quicksilver dragon zombies
  35 blizzard demons
  10 deep elf high priests
  12 jiangshi
  A merfolk impaler (Depths:3)
  4 death oozes
  14 great orbs of eyes
  3 kraken zombies
  2 spectral krakens (Tar:7)
  19 yaktaur captains
  10 rakshasas
  3 great orbs of eyes (shapeshifter)
  2 ghost crabs
  28 ice dragons
  3 naga warriors
  3 spriggan air magi
  9 hell beasts
  6 centaur warriors
  3 quicksilver dragon skeletons
  A ghost crab (shapeshifter) (Vaults:2)
  10 monstrous demonspawn (Pan)
  4 death knights
  7 hydras
  A catoblepas (D:15)
  10 entropy weavers
  Erica (Orc:1)
  An alligator (shapeshifter) (Abyss:3)
  23 ogre magi
  14 dancing weapons (Elf:2)
  4 tengu warriors
  9 alligators
  6 vampire magi
  4 death yaks (Lair:8)
  A queen ant (Lair:8)
  8 orc high priests
  15 deep troll shamans
  A queen ant (shapeshifter) (Depths:2)
  9 spriggan berserkers
  29 deep elf knights
  11 deep troll earth magi
  8 titan zombies
  12 hell hogs
  9 storm dragon zombies
  15 death scarabs
  9 iron golems
  5 thrashing horrors
  9 wizards
  47 sun demons
  8 titan skeletons
  11 spriggans
  2 death drakes
  A shock serpent (Zig:8)
  14 wretched stars
  35 hell knights
  15 small abominations
  12 iron trolls
  8 shadow wraiths
  111 skeletal warriors
  26 ice devils
  A golden dragon zombie (Tomb:2)
  18 cherubim (Pan)
  7 unseen horrors
  26 shadow demons
  3 storm dragon skeletons
  A ghost moth zombie (Coc:7)
  42 soul eaters
  2 fire crabs (Swamp:4)
  A spriggan druid (Swamp:4)
  3 spatial maelstroms
  7 anaconda zombies
  8 gelid demonspawn (Pan)
  11 infernal demonspawn (Pan)
  A lindwurm (Swamp:4)
  11 swamp dragons
  A hill giant (shapeshifter) (Vaults:4)
  An ice statue (Hell)
  5 harpies
  29 deep trolls
  8 deep elf summoners
  11 giant orange brains
  16 orc knights
  An obsidian statue (Zot:5)
  23 torturous demonspawn (Pan)
  6 shadow dragon zombies
  6 golden dragon skeletons
  7 putrid demonspawn (Pan)
  30 phantasmal warriors
  A quicksilver dragon simulacrum (Coc:7)
  11 anaconda skeletons
  4 wolf spider zombies
  16 flayed ghosts
  25 deep elf conjurers
  7 orc sorcerers
  5 griffons
  3 hornets (shapeshifter)
  2 mana vipers (Zig:8)
  9 cyclopes
  A faun (shapeshifter) (Depths:4)
  17 necromancers
  6 fire giant zombies
  35 anubis guards
  29 wolf spiders
  7 ironbrand convokers
  8 iron dragon zombies
  A shining eye (Slime:4)
  8 hill giants
  14 orb spiders
  5 frost giant zombies
  3 sphinx skeletons
  72 ugly things
  3 manticores
  A manticore (shapeshifter) (Depths:4)
  3 oklob plants (Zig:8)
  3 shadow dragon skeletons
  8 stone giant zombies
  A salamander (shapeshifter) (Depths:3)
  37 sixfirhies
  6 worldbinders
  A wolf spider (shapeshifter) (Depths:3)
  36 orange demons
  31 moths of wrath
  2 storm dragon simulacra (Coc:7)
  7 iron dragon skeletons
  A centaur zombie (D:13)
  12 hornets
  A toenail golem (Pan)
  38 rust devils
  Maurice (D:10)
  8 dire elephant zombies
  15 vault sentinels
  A shining eye (shapeshifter) (Vaults:5)
  2 guardian serpents
  4 fire giant skeletons
  4 frost giant skeletons
  9 black mambas
  2 guardian serpents (shapeshifter) (Abyss:3)
  5 stone giant skeletons
  9 elephants
  3 gargoyles
  An eye of devastation (shapeshifter) (Elf:2)
  A torpor snail (Spider:4)
  An orange crystal statue (Zig:2)
  3 naga magi (Zig:8)
  4 titan simulacra
  3 eyes of devastation
  3 spriggan zombies
  3 molten gargoyles
  2 death yak zombies (Crypt:2)
  6 kobold demonologists
  11 spectral swamp worms
  11 spiny frogs
  23 hellions
  3 centaur skeletons
  2 shock serpent skeletons
  48 yaktaurs
  61 smoke demons
  An emperor scorpion zombie (Tar:7)
  3 dire elephant skeletons
  26 tormentors
  9 efreet
  8 komodo dragons
  2 yaktaurs (shapeshifter)
  2 salamander skeletons
  4 apocalypse crabs
  23 demonic crawlers
  A yaktaur zombie (Vaults:2)
  14 trolls
  A golden dragon simulacrum (Abyss:3)
  46 hellwings
  9 fire drakes
  23 deep elf priests
  7 tengu conjurers
  A catoblepas skeleton (Tomb:1)
  54 guardian mummies
  37 red devils
  2 shadow dragon simulacra
  34 blue devils
  A green draconian skeleton (Abyss:3)
  8 human skeletons
  A yellow draconian skeleton (Geh:4)
  7 giant leeches
  12 hydra zombies
  A merfolk (shapeshifter) (Depths:1)
  35 two-headed ogres
  10 ancient zymes
  2 anaconda simulacra
  A wind drake (shapeshifter) (Depths:2)
  29 freezing wraiths
  A wolf spider simulacrum (Coc:7)
  82 slime creatures
  4 polar bears
  33 jumping spiders
  14 raiju
  3 silent spectres (Tar:6)
  A harpy skeleton (Pan)
  15 blink frogs
  7 ettin zombies
  7 hydra skeletons
  4 fire dragon zombies
  A frost giant simulacrum (Coc:7)
  8 bog bodies
  A boulder beetle (shapeshifter) (Vaults:5)
  A snapping turtle (shapeshifter) (Zig:4)
  A tengu simulacrum (Vaults:3)
  10 ushabtiu
  2 fire giant simulacra
  2 air elementals (Depths:5)
  7 alligator zombies
  A blink frog (shapeshifter) (Depths:3)
  9 boulder beetles
  21 trapdoor spiders
  41 deep elf magi
  84 flying skulls
  7 ice dragon skeletons
  3 alligator skeletons
  A fire dragon skeleton (Tomb:3)
  29 tarantellas
  A centaur simulacrum (D:12)
  27 starcursed masses
  A hog (D:13)
  45 yaks
  9 water elementals
  68 large abominations
  11 vampires
  54 redbacks
  A black mamba zombie (Dis:3)
  An ettin skeleton (Coc:7)
  A human (shapeshifter) (Depths:4)
  3 wyverns
  2 golden eyes (shapeshifter)
  22 ynoxinuls
  2 fire bats (Abyss:3)
  A hippogriff (shapeshifter) (Vaults:1)
  11 fire elementals
  2 basilisks (shapeshifter)
  6 golden eyes (Slime:6)
  A hog (shapeshifter) (Vaults:1)
  26 neqoxecs
  12 shadows
  A basilisk (D:12)
  5 hungry ghosts
  21 wraiths
  42 deep elf fighters
  3 black mamba skeletons
  11 wolves
  20 chaos spawn
  A catoblepas simulacrum (Hell)
  30 humans
  6 hippogriffs
  38 vampire mosquitoes
  24 swamp worms
  8 wargs
  4 human simulacra
  7 mottled dragons
  A warg (shapeshifter) (Vaults:4)
  A yaktaur simulacrum (Vaults:3)
  A monstrous demonspawn zombie (Crypt:1)
  14 spatial vortices
  2 hydra simulacra
  6 insubstantial wisps
  7 soldier ants (Lair:8)
  18 water moccasins
  8 spiny frog zombies
  4 nagas
  35 hell hounds
  61 orc warriors
  11 porcupines
  2 manticore zombies
  2 spiny frog skeletons
  An ice dragon simulacrum (Depths:1)
  2 hornet simulacra (Vaults:1)
  A spriggan simulacrum (Depths:2)
  3 snapping turtle zombies
  A black bear (shapeshifter) (Vaults:2)
  An elf simulacrum (Zig:9)
  14 wasps
  An ettin simulacrum (Crypt:1)
  5 swamp drakes
  2 boggarts (Abyss:3)
  5 eyes of draining
  36 necrophages
  10 ice beasts
  6 sky beasts
  A snapping turtle skeleton (Geh:3)
  25 spiders
  2 black bears
  2 swamp dragon zombies
  A manticore skeleton (Tomb:2)
  16 big kobolds
  3 human zombies
  72 ogres
  A swamp dragon skeleton (Coc:2)
  A centaur (shapeshifter) (Depths:3)
  14 centaurs
  6 phantoms
  21 crocodiles
  Blork the orc (Vaults:4)
  An elf zombie (Tar:2)
  A brain worm (Abyss:1)
  10 giant frogs
  A gnoll sergeant (D:5)
  A wyvern zombie (Crypt:1)
  9 wyvern skeletons
  A troll zombie (Geh:7)
  An orc simulacrum (Vaults:2)
  4 scorpions
  A water moccasin skeleton (D:11)
  2 spriggan skeletons
  4 electric eels
  A raiju skeleton (Crypt:2)
  7 killer bees
  2 troll skeletons
  48 wights
  A giant frog zombie (D:11)
  20 crimson imps
  3 giant frog skeletons
  A wasp zombie (D:8)
  Ijyb (D:2)
  14 jellies
  7 quasits
  5 hounds
  27 iron imps
  38 orc priests
  Jessica (Vaults:4)
  9 iguanas
  Terence (D:2)
  48 orc wizards
  29 worker ants
  25 sheep
  2 hell rats (Lair:5)
  A porcupine skeleton (Crypt:1)
  A tengu zombie (Dis:7)
  A naga skeleton (Tar:6)
  A hound zombie (D:7)
  63 mummies
  A mottled dragon skeleton (Crypt:1)
  2 hound skeletons
  14 adders
  72 river rats
  12 gnolls
  5 shadow imps
  14 white imps
  A giant eyeball (Pan)
  8 ufetubi
  An adder zombie (D:9)
  7 worms
  An adder skeleton (D:4)
  9 giant geckos
  219 orcs
  A ball python (D:3)
  8 bats
  8 giant cockroaches
  5 goblins
  13 hobgoblins
  15 jackals
  A jackal (shapeshifter) (Elf:3)
  A ball python zombie (Crypt:1)
  6 giant newts
  A giant newt zombie (Crypt:2)
  34 kobolds
  3 kobold skeletons
  An orc skeleton (Geh:3)
  6 quokkas
  A quokka zombie (D:7)
  9 rats
  A butterfly (Lair:6)
  2 crawling corpses (Elf:2)
  4 fire vortices
  2 fungi (Lair:8)
  4 plants
  5 starspawn tentacles (Abyss:3)
  9 tentacles
5573 creatures vanquished.

Vanquished Creatures (collateral kills)
  Cerebov (Pan)
  Antaeus (Coc:7)
  Frederick (Vaults:5)
  A golden dragon (Vaults:5)
  Rupert (D:13)
  A tentacled monstrosity (Zot:1)
  A quicksilver dragon (Depths:4)
  A lich (Zig:5)
  The ghost of magipi the Hand of Fortune, a mighty SpAs of Nemelex Xobeh (Depths:5)
  A Hell Sentinel (Pan)
  A titan (Vaults:5)
  2 acid blobs
  A sphinx (Vaults:5)
  3 shadow dragons (Vaults:5)
  2 daevas (Pan)
  A deep elf sorcerer (Vaults:5)
  4 vault wardens (Vaults:5)
  A curse skull (Pan)
  A war gargoyle (Vaults:5)
  A cacodemon (Pan)
  2 stone giants
  A black sun (Pan)
  2 white draconians
  A blizzard demon (Coc:7)
  A death ooze (Slime:6)
  6 hydras
  2 yaktaur captains (Vaults:5)
  4 vault guards (Vaults:5)
  An ettin (Vaults:5)
  A deep elf death mage (Vaults:5)
  A catoblepas (Lair:8)
  A centaur warrior (D:13)
  A deep troll shaman (Lair:8)
  3 dancing weapons
  A skeletal warrior (D:13)
  An ice devil (Coc:7)
  A flayed ghost (Vaults:5)
  A spatial maelstrom (Zig:5)
  A putrid demonspawn (Pan)
  A torturous demonspawn (Pan)
  An orc knight (Vaults:5)
  An orb spider (Spider:1)
  2 ironbrand convokers
  A deep elf conjurer (Vaults:5)
  An ugly thing (Vaults:5)
  2 wolf spiders
  A hornet (Spider:1)
  A sixfirhy (Pan)
  A cyclops (D:13)
  A worldbinder (Zig:5)
  A moth of wrath (Zot:1)
  Joseph (Lair:1)
  2 vault sentinels
  A centaur skeleton (D:13)
  A spiny frog (Lair:8)
  7 yaktaurs
  A demonic crawler (Pan)
  An orange demon (Pan)
  2 jumping spiders
  3 hellwings (Pan)
  A blue devil (Abyss:3)
  3 trolls
  2 redbacks
  A trapdoor spider (Spider:1)
  2 flying skulls (Abyss:3)
  A starcursed mass (Zig:5)
  4 yaks
  A deep elf mage (Vaults:5)
  3 tarantellas
  4 wolves (Lair:3)
  A deep elf fighter (Vaults:5)
  A neqoxec (Pan)
  A water moccasin (Lair:1)
  A spiny frog zombie (Coc:7)
  An orc warrior (D:13)
  4 spiders
  A large abomination (Pan)
  2 jellies (Slime:6)
  An orc wizard (Orc:2)
  8 orcs
135 creatures vanquished.

Vanquished Creatures (others)
  An Ice Fiend (Hell)
  3 eldritch tentacles
  A thorn hunter (Swamp:2)
  A shadow dragon (Zot:5)
  A deep elf sorcerer (Elf:3)
  A draconian knight (Zot:4)
  A fire giant (Depths:2)
  An ironheart preserver (Vaults:4)
  An elemental wellspring (Coc:7)
  2 blood saints (Pan)
  A blizzard demon (Zig:9)
  An anaconda zombie (Tomb:2)
  12 ball lightnings (Pan)
  30 death scarabs (Tomb:2)
  An anaconda skeleton (Tomb:2)
  An infernal demonspawn (Pan)
  2 necromancers (Vaults:4)
  A moth of wrath (Zot:5)
  A fire giant zombie (Geh:7)
  A smoke demon (Pan)
  A vault sentinel (Vaults:3)
  A centaur skeleton (D:13)
  2 guardian mummies (Tomb:2)
  2 hellwings (Pan)
  A jumping spider (Spider:4)
  An ice dragon zombie (Tomb:2)
  A tarantella (Spider:4)
  12 flying skulls
  An air elemental (Abyss:3)
  A hippogriff (D:9)
  2 humans (D:13)
  An emperor scorpion simulacrum (Tomb:2)
  2 deep elf fighters
  A steam dragon (Swamp:4)
  A spatial vortex (Abyss:3)
  3 insubstantial wisps (Swamp:1)
  An eye of draining (D:13)
  An orc warrior (Depths:2)
  5 ogres
  A big kobold (Vaults:4)
  An orc priest (D:13)
  2 iron imps
  A human skeleton (Tomb:3)
  4 mummies
  An ufetubus (Abyss:3)
  4 orcs
  A quokka (D:6)
  4 briar patches (Swamp:2)
  267 eldritch tentacle segments
  16 fungi
  4 lost souls
  A lurking horror (Abyss:3)
  16 plants
  21 starspawn tentacles (Abyss:3)
  175 starspawn tentacle segments (Abyss:3)
  38 tentacles
  357 tentacle segments
1018 creatures vanquished.

Grand Total: 6726 creatures vanquished
